 Dungeon Crawl Stone Soup version 0.17.1-2-g5865329 (webtiles) character file.

885 Peloso the Covered (level 7, -1/61 HPs)
             Began as a Minotaur Fighter on Feb 13, 2016.
             Killed from afar by an orc wizard (11 damage)
             ... with a puff of flame
             ... on level 5 of the Dungeon.
             The game lasted 00:09:41 (3915 turns).

Peloso the Covered (Minotaur Fighter)               Turns: 3915, Time: 00:09:41

Health: -1/61      AC:  5    Str: 29    XL:     7   Next: 76%
Magic:  6/6        EV: 12    Int:  9    God:
Gold:   233        SH: 11    Dex: 11    Spells: 0 memorised, 6 levels left

rFire  . . .     SeeInvis .     a - +0 long sword
rCold  . . .     Clarity  .     y - +1 robe "Vecuath" {Str+3 Int+4} (curse)
rNeg   . . .     SustAt   +     c - +0 shield
rPois  .         Gourm    .     (helmet restricted)
rElec  .         Spirit   .     (no cloak)
rCorr  .         Warding  .     s - +1 pair of gloves
rMut   .         Rnd*Tele +     (no boots)
MR     .....                    (no amulet)
Stlth  +.........               v - ring of teleportation (curse)
                                t - ring of sustain attributes

@: mighty, not resistant to hostile enchantments, very unstealthy
A: retaliatory headbutt, horns 2
a: Evoke Teleportation


You were on level 5 of the Dungeon.
You were not hungry.

You visited 2 branches of the dungeon, and saw 6 of its levels.

You collected 233 gold pieces.

Inventory:

Hand Weapons
 a - a +0 long sword (weapon)
Armour
 b - a +0 scale mail
 c - a +0 shield (worn)
 s - a +1 pair of gloves (worn)
 y - the cursed +1 robe "Vecuath" (worn) {Str+3 Int+4}
   (You found it on level 4 of the Dungeon)

   It affects your strength (+3).
   It affects your intelligence (+4).
   It has a curse placed upon it.
Jewellery
 t - a ring of sustain attributes (left hand)
 v - a cursed ring of teleportation (right hand)
Wands
 h - a wand of flame (20)
Scrolls
 g - a scroll of fog
Potions
 d - a potion of might
 f - a potion of cancellation {unknown}
 l - 4 potions of flight {unknown}
 m - a potion of heal wounds {unknown}
 o - a potion of agility {unknown}
 p - 3 potions of degeneration {unknown}
 q - a potion of poison {unknown}
 r - a potion of brilliance {unknown}
Comestibles
 e - 4 bread rations
 i - a meat ration
 n - a beef jerky


   Skills:
 + Level 5.0 Fighting
 + Level 5.2 Long Blades
 + Level 6.0 Armour
 + Level 4.8 Dodging
 + Level 0.1 Stealth
 + Level 5.9 Shields


You had 6 spell levels left.
You didn't know any spells.

Dungeon Overview and Level Annotations

Branches:
Dungeon (5/15)             Temple (1/1) D:4

Altars:
Ashenzari
Cheibriados
Dithmenos
Gozag
Makhleb
Nemelex Xobeh
Qazlal
Ru
Sif Muna
Trog
Vehumet
Zin
The Shining One
Jiyva


Innate Abilities, Weirdness & Mutations

You reflexively headbutt those who attack you in melee.
You have a pair of horns on your head.


Message History

The centaur hits you but does no damage.
The orc wizard gestures wildly while chanting.
The orc wizard flickers and vanishes!
Deactivating autopickup; reactivate with Ctrl-A.
You barely miss something. You block the centaur's attack.
The orc barely misses you. You block its attack.
You block the centaur's attack.
Unknown command.
You slash the centaur! Your headbutt misses the centaur.
The centaur is heavily wounded.
The orc closely misses you. The centaur closely misses you. Something hits you.
* * * LOW HITPOINT WARNING * * *
You block the centaur's attack. The orc barely misses you.
Unknown command.
You slash the centaur!
You kill the centaur!
You hear some strange, mumbled words.
A puff of flame appears from out of thin air!
The puff of flame hits you!
You die...

... #.####...###.# ....
...>..###.# ##.....
###....##.# ......#
...####.....#.###### ...#..
##............(........
.....#
#....####.(.#...#######
..#### ...# ##...##..## .##
#.#.###..#.###..## .# ##..
##....@o.##.###...# ###
##....# ##<....{).##..##.#.#
#.5 ...#
#..........##..#.#.###.#
####
##..........###.#.#.#...# #
###.....................###
# ##.....<.......###.#.#.###
#..)#..........# #.#>#.#
#####..###........## #.....#
#......#...........###......


You could see an orc.

Vanquished Creatures
  Menkaure (D:5)
  An ice beast (D:5)
  2 centaurs
  2 scorpions
  An orc priest (D:4)
  Jessica (D:3)
  An iguana (D:4)
  5 orc wizards
  A worker ant (D:4)
  A hound skeleton (D:4)
  2 gnolls
  4 adders
  2 oozes
  3 worms
  2 giant geckos (D:3)
  3 orcs
  6 bats
  4 giant cockroaches
  8 goblins
  4 hobgoblins
  7 kobolds
  A quokka (D:3)
  A ball python (D:3)
  A giant gecko skeleton (D:5)
  10 giant newts
  17 jackals
  12 rats
103 creatures vanquished.

Notes
Turn   | Place    | Note
--------------------------------------------------------------
     0 | D:1      | Peloso the Minotaur Fighter began the quest for the Orb.
     0 | D:1      | Reached XP level 1. HP: 19/19 MP: 0/0
   202 | D:1      | Reached skill level 4 in Shields
   256 | D:1      | Reached XP level 2. HP: 27/27 MP: 1/1
   325 | D:1      | Reached skill level 1 in Dodging
   381 | D:1      | Reached XP level 3. HP: 33/33 MP: 2/2
   691 | D:1      | Noticed a jelly
   691 | D:1      | Found a viscous altar of Jiyva.
   692 | D:1      | Noticed a jelly
   694 | D:1      | Noticed a jelly
   694 | D:1      | Noticed a jelly
   694 | D:1      | Noticed a jelly
   695 | D:1      | Noticed a jelly
  1350 | D:2      | Reached XP level 4. HP: 40/40 MP: 3/3
  1668 | D:3      | Noticed Jessica
  1678 | D:3      | Killed Jessica
  1685 | D:3      | Reached XP level 5. HP: 42/46 MP: 4/4
  2360 | D:4      | Reached skill level 5 in Shields
  2365 | D:4      | Reached skill level 5 in Armour
  2367 | D:4      | Reached XP level 6. HP: 14/52 MP: 5/5
  2775 | D:4      | Found a staircase to the Ecumenical Temple.
  2781 | Temple   | Entered the Ecumenical Temple
  3010 | D:4      | Found a radiant altar of Vehumet.
  3132 | D:4      | Got an ominously black robe
  3143 | D:4      | Identified the cursed +1 robe "Vecuath" {Str+3 Int+4} (You found it on level 4 of the Dungeon)
  3160 | D:4      | Reached XP level 7. HP: 15/60 MP: 6/6
  3410 | D:5      | Entered Level 5 of the Dungeon
  3832 | D:5      | Noticed Menkaure
  3860 | D:5      | Killed Menkaure
  3860 | D:5      | Reached skill level 5 in Fighting
  3860 | D:5      | Reached skill level 5 in Long Blades
  3911 | D:5      | Reached skill level 6 in Armour
  3911 | D:5      | HP: 2/61 [orc wizard/dagger (2)]
  3915 | D:5      | Killed from afar by an orc wizard

Action                   |  1- 3 |  4- 6 |  7- 9 || total
-------------------------+-------+-------+-------++-------
Melee: Long sword        |    90 |   145 |    44 ||   279
  Use: Scroll            |       |     8 |       ||     8
       Potion            |       |       |     5 ||     5
  Eat: Chunk             |     1 |     6 |     3 ||    10
